AoeStats
← Tomachela

Hideout

509634947Analyzed
1v1 RM · 5d ago on Sep 27, 2026· 38m 45s· 2 players
Game mode
Random Map
Map size
Tiny (2 player)
Population
200
Speed
Normal
Resources
Standard
Victory
Conquest
Starting age
Dark Age
Ending age
Imperial Age
RankedLock teamsTeams togetherTeam positionsShared explorationLock speedFull tech treeHidden civsTurbo modeCheats
Victory
Defeat
🇪🇸 Bulgarians · Spain
670
+15
🇨🇱 Franks · Chile
649
-15
Tomachela
5:23 Loom
10:14 Feudal Age
17:23 Forging
21:41 Scale Barding Armor
23:43 Double-Bit Axe
27:11 Castle Age
29:57 Husbandry
32:06 Padded Archer Armor
36:17 Elite Skirmisher
ljgaztelu
10:02 Feudal Age
11:51 Double-Bit Axe
22:09 Castle Age
22:58 Fletching
23:19 Forging
23:17 Scale Barding Armor
25:52 Bow Saw
25:28 Horse Collar
28:46 Pikeman
30:57 Squires
37:58 Imperial Age
36:52 Bodkin Arrow
Connection lost

Rejoining the realm…

Still unreachable

The connection could not be restored.

Session expired

The server has moved on; the page needs a fresh start.